 Dungeon Crawl Stone Soup version 0.19-a0-1704-gbd66c22 (webtiles) character file.

4158 dvd the Artisan of Death (level 10, -3/71 HPs)
             Began as a Demonspawn Necromancer on Sept 27, 2016.
             Was a Priest of Kikubaaqudgha.
             Slain by a killer bee (9 damage)
             ... on level 9 of the Dungeon.
             The game lasted 00:41:52 (9129 turns).

dvd the Artisan of Death (Demonspawn Necromancer)   Turns: 9129, Time: 00:41:53

Health: -3/71      AC:  7    Str: 15 (17) XL:     10   Next: 7%
Magic:  10/21      EV: 16    Int: 19 (20) God:    Kikubaaqudgha [***...]
Gold:   430        SH:  5    Dex: 12 (13) Spells: 5 memorised, 5 levels left

rFire  . . .     SeeInvis .     b - +3 long sword of Biyxkeuk {venom, Str+5}
rCold  + . .     Gourm    .     j - +0 robe
rNeg   . . .     Faith    .     (no shield)
rPois  .         Spirit   .     o - +0 helmet
rElec  .         Dismiss  .     (no cloak)
rCorr  .         Reflect  +     E - +0 pair of gloves {Str+3}
MR     .....     Harm     .     (no boots)
Stlth  ++........               u - +5 amulet of reflection
                                g - ring of flight
                                k - +3 ring of evasion

@: lethally poisoned (-3 -> -8), about to teleport
A: talons 2, iridescent scales 1, cold resistance 1, wild magic 1
a: Receive Corpses, Renounce Religion, Evoke Flight


You were on level 9 of the Dungeon.
You worshipped Kikubaaqudgha.
Kikubaaqudgha was most pleased with you.
You were not hungry.

You visited 2 branches of the dungeon, and saw 10 of its levels.
You also visited: Ossuary.

You collected 430 gold pieces.

Inventory:

Hand Weapons
 a - a +3 flail of crushing
 b - the +3 long sword of Biyxkeuk (weapon) {venom, Str+5}
   (You found it on level 7 of the Dungeon)

   It poisons the flesh of those it strikes.
   It affects your strength (+5).
 v - a +0 vampiric falchion
 x - a +0 war axe of flaming
 y - a +1 quarterstaff of speed
 B - a +2 dagger of draining
Armour
 j - a +0 robe (worn)
 o - a +0 helmet (worn)
 E - a +0 pair of gloves of strength (worn)
Magical Staves
 n - an uncursed staff of conjuration
 F - an uncursed staff of cold
Jewellery
 g - a ring of flight (right hand)
 k - a +3 ring of evasion (left hand)
 q - an uncursed amulet of rage
 r - an uncursed amulet of the gourmand
 u - a +5 amulet of reflection (around neck)
Wands
 w - a wand of lightning (4/15)
 A - a wand of enslavement (9/24)
 C - a wand of lightning (6/15)
Scrolls
 d - 5 scrolls of teleportation
 e - 2 scrolls of recharging
 h - 5 scrolls of identify
 t - 6 scrolls of remove curse
 H - a scroll of amnesia
Potions
 f - 2 potions of curing
 i - a potion of magic
 l - 4 potions of heal wounds
Books
 z - Kikubaaqudgha's Incunabulum of Necromancy
   (Kikubaaqudgha gifted it to you on level 6 of the Dungeon)

   Spells                             Type                      Level
   a - Animate Skeleton               Necromancy                   1
   b - Corpse Rot                     Necromancy                   2
   c - Sublimation of Blood           Necromancy                   2
   d - Regeneration                   Charms/Necromancy            3
   e - Control Undead                 Necromancy                   4
 D - a book of Necromancy

   Spells                             Type                      Level
   a - Pain                           Necromancy                   1
   b - Animate Skeleton               Necromancy                   1
   c - Vampiric Draining              Necromancy                   3
   d - Regeneration                   Charms/Necromancy            3
   e - Animate Dead                   Necromancy                   4
   f - Control Undead                 Necromancy                   4
 G - Kikubaaqudgha's Disquisition on Stolen Souls
   (Kikubaaqudgha gifted it to you on level 8 of the Dungeon)

   Spells                             Type                      Level
   a - Bolt of Draining               Conjuration/Necromancy       5
   b - Agony                          Necromancy                   5
   c - Cigotuvi's Embrace             Necromancy                   5
   d - Dispel Undead                  Necromancy                   5
   e - Simulacrum                     Ice/Necromancy               6
 I - a book of Alchemy

   Spells                             Type                      Level
   a - Sublimation of Blood           Necromancy                   2
   b - Ignite Poison                  Fire/Transmutation/Poison    3
   c - Petrify                        Transmutation/Earth          4
   d - Alistair's Intoxication        Transmutation/Poison         5
   e - Irradiate                      Conjuration/Transmutation    5
Comestibles
 c - 3 bread rations
 m - 2 meat rations
 p - a slice of pizza
 s - 3 beef jerkies
 K - 3 fruits


   Skills:
 + Level 3.9 Fighting
 + Level 3.2 Long Blades
 + Level 5.3 Maces & Flails
 + Level 4.0 Dodging
 + Level 3.4 Stealth
 + Level 7.6 Spellcasting
 + Level 1.5 Charms
 + Level 8.8 Necromancy
 + Level 1.3 Evocations


You had 5 spell levels left.
You knew the following spells:

 Your Spells              Type           Power        Failure   Level  Hunger
a - Dispel Undead         Necr           ######..     14%         5    #####..
b - Vampiric Draining     Necr           ######....   1%          3    #......
c - Regeneration          Chrm/Necr      ####......   6%          3    #......
d - Animate Dead          Necr           N/A          4%          4    ###....
e - Control Undead        Necr           ######....   4%          4    ###....


Dungeon Overview and Level Annotations

Branches:
Dungeon (9/15)             Temple (1/1) D:4
   Lair: D:8-11         Orc: D:9-12

Altars:
Ashenzari
Cheibriados
Dithmenos
Elyvilon
Fedhas
Gozag
Hepliaklqana
Kikubaaqudgha
Makhleb
Nemelex Xobeh
Okawaru
Qazlal
Sif Muna
Trog
Uskayaw
Vehumet
Xom
Yredelemnul
Zin
The Shining One

Shops:
D:8 :%}


Innate Abilities, Weirdness & Mutations

You have razor-sharp toenails.
You are partially covered in iridescent scales. (AC +2)
Your flesh is cold resistant. (rC+)
Your spells are a little harder to cast, but a little more powerful.


Message History

The killer bee closely misses you.
You riposte.
You hit the killer bee.
The killer bee is poisoned.
Your kick misses the killer bee.
The killer bee is almost dead.
You hear a croak.
Casting: Vampiric Draining
Confirm with . or Enter, or press ? or * to list all spells.
Aiming: Vampiric Draining
Press: ? - help, Shift-Dir - straight line, f/p - killer bee
Aim: a killer bee (almost dead, berserk, fast, unusually strong, poisoned)
You kill the killer bee!
Kikubaaqudgha accepts your kill.
You feel life coursing into your body.
You feel sick.
You hear an angry buzzing noise.
The killer bee stings you!
* * * LOW HITPOINT WARNING * * *
The killer bee stings you!
* * * LOW HITPOINT WARNING * * *
The killer bee stings you!
You die...
Kikubaaqudgha rasps: "You have failed me!
Welcome... death!"

.# ##$# ...# # ## ###..#
..#.##....# ..........#
# ###.y...### .#
....>.yy############.###
###...yyyy@.#..........#
#...yy###............#
#^....# ###...........
#.....# #..........#
#.....# ###.########
#.....# ##.# ##.####
#..# #. #.## ##
##'#######


You could see a queen bee and 8 killer bees.

Vanquished Creatures
  The ghost of Ijustatesigmund the Covert, a novice SpHu (D:5)
  A two-headed ogre (D:8)
  Grinder (D:5)
  Prince Ribbit (D:6)
  Eustachio (D:5)
  Menkaure (D:5)
  The ghost of crauler the Ducker, an amateur SpBe of Trog (D:4)
  2 orc warriors
  2 sky beasts
  3 ice beasts
  A necrophage (D:7)
  2 ogres
  A centaur (D:3)
  A crocodile (D:8)
  6 bullfrogs (D:7)
  2 scorpions
  4 killer bees (D:9)
  A howler monkey (D:4)
  2 crimson imps
  A jelly (D:7)
  A bullfrog zombie (D:7)
  4 orc priests
  3 hounds
  2 human zombies (Ossuary)
  5 orc wizards
  A gnoll shaman (D:8)
  Ijyb (D:2)
  3 iguanas
  2 worker ants (D:8)
  3 hound zombies (Ossuary)
  3 mummies (Ossuary)
  Robin (D:3)
  A worker ant zombie (D:7)
  4 gnolls
  10 adders
  An ooze (D:5)
  4 adder zombies
  3 worms
  3 leopard geckos
  22 orcs
  2 ball pythons (D:3)
  7 giant cockroaches
  12 hobgoblins
  2 quokkas
  9 bats
  7 frilled lizards
  A gnoll zombie (Ossuary)
  15 goblins
  2 goblin zombies (Ossuary)
  3 hobgoblin zombies (Ossuary)
  2 jackal skeletons
  7 jackal zombies (Ossuary)
  10 kobolds
  3 kobold zombies (Ossuary)
  A quokka skeleton (D:4)
  3 quokka zombies (Ossuary)
  9 rats
  A rat zombie (Ossuary)
208 creatures vanquished.

Vanquished Creatures (collateral kills)
  An elf zombie (Ossuary)
  A wyvern zombie (D:8)
  A scorpion (D:6)
  2 human zombies (Ossuary)
  A centaur skeleton (D:4)
  A worker ant (D:8)
  2 adders
  2 gnolls (D:8)
  An adder zombie (Ossuary)
  An orc (D:6)
  2 goblins (D:3)
  A hobgoblin zombie (Ossuary)
  2 kobold zombies (Ossuary)
  A rat zombie (Ossuary)
19 creatures vanquished.

Grand Total: 227 creatures vanquished

Notes
Turn   | Place    | Note
-------+----------+-------------------------------------------
     0 | D:1      | dvd the Demonspawn Necromancer began the quest for the Orb.
     0 | D:1      | Reached XP level 1. HP: 13/13 MP: 3/3
   323 | D:1      | Gained mutation: You have sharp toenails. [demonic ancestry]
   323 | D:1      | Reached XP level 2. HP: 5/19 MP: 0/5
   873 | D:1      | Reached skill level 5 in Necromancy
  1489 | D:2      | Gained mutation: Your flesh is cold resistant. (rC+) [demonic ancestry]
  1489 | D:2      | Reached XP level 3. HP: 19/24 MP: 1/6
  1705 | D:2      | Found a hazy altar of Hepliaklqana.
  1709 | D:2      | Found an opulent altar of Gozag.
  1737 | D:2      | Noticed Ijyb
  1752 | D:2      | Killed Ijyb
  1900 | D:2      | Learned a level 3 spell: Vampiric Draining
  2031 | D:2      | Found a shattered altar of Ashenzari.
  2075 | D:2      | Reached XP level 4. HP: 29/30 MP: 5/8
  2354 | D:2      | You fall through a shaft!
  2451 | D:3      | Learned a level 3 spell: Regeneration
  2825 | D:3      | Noticed Robin
  2827 | D:3      | Noticed a centaur
  3162 | D:3      | Gained mutation: You are partially covered in iridescent scales. (AC +2) [demonic ancestry]
  3162 | D:3      | Reached XP level 5. HP: 29/36 MP: 2/10
  3253 | D:3      | Killed a centaur
  3253 | D:3      | Reached skill level 1 in Fighting
  3253 | D:3      | Reached skill level 1 in Maces & Flails
  3390 | D:3      | Learned a level 4 spell: Animate Dead
  3478 | D:3      | Gained mutation: You have razor-sharp toenails. [demonic ancestry]
  3478 | D:3      | Reached XP level 6. HP: 39/43 MP: 9/11
  3494 | D:3      | Killed Robin
  3880 | D:4      | Reached skill level 6 in Necromancy
  3967 | D:4      | Found a radiant altar of Vehumet.
  4007 | D:4      | Found an opulent altar of Gozag.
  4054 | D:4      | Found a staircase to the Ecumenical Temple.
  4060 | Temple   | Entered the Ecumenical Temple
  4065 | Temple   | Became a worshipper of Kikubaaqudgha
  4530 | D:5      | Entered Level 5 of the Dungeon
  4591 | D:5      | Noticed Eustachio
  4591 | D:5      | Noticed Ijustatesigmund's ghost (novice SpHu)
  4602 | D:5      | Noticed Grinder
  4610 | D:5      | Paralysed by Grinder for 4 turns
  4621 | D:5      | Paralysed by Grinder for 6 turns
  4630 | D:5      | Killed Grinder
  4630 | D:5      | Reached XP level 7. HP: 18/50 MP: 10/13
  4838 | D:4      | Learned a level 4 spell: Control Undead
  4848 | D:5      | Killed Eustachio
  5111 | D:5      | Noticed Menkaure
  5118 | D:5      | Killed Menkaure
  5212 | D:4      | Reached skill level 5 in Spellcasting
  5273 | D:4      | Noticed crauler's ghost (amateur SpBe)
  5339 | D:4      | Killed crauler's ghost
  5339 | D:4      | Reached XP level 8. HP: 57/57 MP: 10/15
  5489 | D:5      | Killed Ijustatesigmund's ghost
  5489 | D:5      | Reached skill level 1 in Charms
  5489 | D:5      | Reached skill level 7 in Necromancy
  5489 | D:5      | Reached skill level 1 in Evocations
  5638 | D:5      | Found a white marble altar of Elyvilon.
  5928 | D:6      | Noticed Prince Ribbit
  5941 | D:6      | Killed Prince Ribbit
  6290 | D:6      | Reached * piety under Kikubaaqudgha
  6290 | D:6      | Identified Kikubaaqudgha's Incunabulum of Necromancy (Kikubaaqudgha gifted it to you on level 6 of the Dungeon)
  6290 | D:6      | Received a gift from Kikubaaqudgha
  6384 | D:6      | Gained mutation: Your spells are a little harder to cast, but a little more powerful. [potion of beneficial mutation]
  6403 | D:6      | Found a burning altar of Makhleb.
  6648 | D:6      | Reached XP level 9. HP: 61/64 MP: 8/18
  7045 | D:7      | Reached skill level 8 in Necromancy
  7440 | D:7      | Got a pitted long sword
  7441 | D:7      | Identified the +3 long sword of Biyxkeuk {venom, Str+5} (You found it on level 7 of the Dungeon)
  7445 | D:7      | Identified a scroll of acquirement
  7511 | D:7      | Found a sand-covered staircase.
  7530 | Ossuary  | Entered an ossuary
  7670 | Ossuary  | Reached ** piety under Kikubaaqudgha
  7670 | Ossuary  | Reached skill level 1 in Long Blades
  8038 | D:7      | Reached skill level 5 in Maces & Flails
  8476 | D:8      | Reached *** piety under Kikubaaqudgha
  8476 | D:8      | Identified Kikubaaqudgha's Disquisition on Stolen Souls (Kikubaaqudgha gifted it to you on level 8 of the Dungeon)
  8476 | D:8      | Received a gift from Kikubaaqudgha
  8647 | D:8      | Found Atsi's Food Emporium.
  8716 | D:8      | Found Ibraheg's Gadget Shoppe.
  8768 | D:8      | Learned a level 5 spell: Dispel Undead
  8859 | D:8      | Reached XP level 10. HP: 48/71 MP: 15/21
  8958 | D:8      | Found Riagair's Book Shoppe.
  9129 | D:9      | Slain by a killer bee

Vault maps used:
D:1:      lordsloth_arrival_two_stooges, minmay_misc_feat_hallway, minivault_27
D:2:      grunt_temple_overflow_open, first_bread, evilmike_ruin_ashenzari,
          uniq_iyjb
D:3:      kennysheep_generic_room_9, uniq_robin
D:4:      vehumet_crystals, nicolae_gozag_cash_rules_everything_around_me
D:5:      kennysheep_little_box, uniq_menkaure, uniq_eustachio, uniq_grinder
D:6:      lemuel_round_altar, grunt_ministairs_13, uniq_prince_ribbit1
D:7:      chequers_ossuary_entry_cave
D:8:      serial_shops, nicolae_shop_waterfront,
          nicolae_shop_temple_entry_statues_fountains, shop
D:9:      nicolae_ru_the_path_less_chosen, david_nohive_1,
          minmay_misc_feat_nine_boxes
Temple:   minmay_freezing_vapour_temple
Ossuary:  minmay_ossuary_two_tombs

Skill      XL: |  1  2  3  4  5  6  7  8  9 10 |
---------------+-------------------------------+-----
Necromancy     | 5 6 7 8 |  8.8
Stealth        | 2 3 |  3.4
Spellcasting   | 3 4 5 6 7 |  7.6
Fighting       | 1 2 3 |  3.9
Maces & Flails | 1 2 3 4 5 |  5.3
Dodging        | 2 3 4 |  4.0
Charms         | 1 |  1.5
Evocations     | 1 |  1.3
Long Blades    | 2 3 |  3.2

Action                   |  1- 3 |  4- 6 |  7- 9 | 10-12 || total
-------------------------+-------+-------+-------+-------++-------
Melee: Unarmed           |    13 |       |       |       ||    13
       Whip              |    23 |     8 |       |       ||    31
       Kick              |     4 |    17 |    84 |     8 ||   113
       Mace              |       |    67 |       |       ||    67
       Flail             |       |    39 |   312 |       ||   351
       Long sword        |       |       |    83 |    45 ||   128
 Cast: Pain              |    69 |    61 |    11 |       ||   141
       Vampiric Draining |       |     9 |    52 |     5 ||    66
       Regeneration      |       |     3 |    19 |     2 ||    24
       Animate Dead      |       |     5 |     9 |     1 ||    15
       Control Undead    |       |       |     7 |       ||     7
 Abil: Evoke Berserk Rag |       |     2 |     2 |       ||     4
  Use: Scroll            |     4 |     6 |     5 |     3 ||    18
       Potion            |       |     1 |     9 |     1 ||    11
 Stab: Sleeping          |     4 |     4 |     4 |     1 ||    13
       Distracted        |       |     1 |       |       ||     1
  Eat: Chunk             |     4 |    12 |    15 |     1 ||    32
       Meat ration       |       |       |     1 |       ||     1
       Pizza             |       |       |     1 |       ||     1
Armor: Robe              |    15 |    25 |   114 |     8 ||   162
Dodge: Dodged            |    39 |   124 |   350 |    41 ||   554
Block: Other             |       |       |       |     6 ||     6
